 Dungeon Crawl Stone Soup version 0.23-a0-303-gfcac5de (webtiles) character file.

1449 Ijustatesigmund the Conjurer (level 8, -7/54 HPs)
             Began as an Octopode Wizard on Oct 8, 2018.
             Was a Believer of Cheibriados.
             Mangled by an orc warrior
             ... wielding a +0 war axe
              (23 damage)
             ... on level 6 of the Dungeon.
             The game lasted 00:17:05 (8086 turns).

Ijustatesigmund the Conjurer (Octopode Wizard)      Turns: 8086, Time: 00:17:05

Health: -7/54      AC:  3    Str: 11    XL:     8   Next: 75%
Magic:  4/12       EV: 14    Int: 24    God:    Cheibriados [**....]
Gold:   319        SH:  0    Dex: 16    Spells: 7/13 levels left

rFire    . . .     SeeInvis .   d - +1 dagger (protect)
rCold    . . .     Gourm    .   (no shield)
rNeg     . . .     Faith    .   a - +2 hat
rPois    .         Spirit   .   (no amulet)
rElec    .         Reflect  .   h - ring of resist corrosion
rCorr    +         Harm     .   (no ring)
MR       .....                  (no ring)
Stlth    +++.......             (no ring)
HPRegen  0.18/turn              (no ring)
MPRegen  0.13/turn              (no ring)
                                (no ring)
                                (no ring)

@: very slow
A: almost no armour, stealthy swim, amphibious, 8 rings, constrict 8, camouflage
1, gelatinous body 1
a: Bend Time, Renounce Religion


You were on level 6 of the Dungeon.
You worshipped Cheibriados.
Cheibriados was pleased with you.
You were not hungry.

You visited 2 branches of the dungeon, and saw 7 of its levels.

You collected 319 gold pieces.

Inventory:

Hand Weapons
 d - a +1 dagger of protection (weapon)
 r - a +0 broad axe
Armour
 a - a +2 hat (worn)
Jewellery
 h - a ring of resist corrosion (left tentacle)
 i - an uncursed ring of ice
Wands
 j - a wand of clouds (1)
 k - a wand of disintegration (5)
 n - a wand of paralysis (15)
 o - a wand of digging (13)
Scrolls
 e - 4 scrolls of remove curse
 m - a scroll of identify
Potions
 b - a potion of ambrosia
 f - a potion of resistance
 g - a potion of degeneration {unknown}
 l - a potion of cancellation {unknown}
 p - a potion of haste {unknown}
 q - a potion of curing
Comestibles
 c - 10 rations


   Skills:
 - Level 3.7 Fighting
 - Level 2.2 Short Blades
 - Level 2.0 Dodging
 - Level 2.6 Stealth
 - Level 3.0 Spellcasting
 + Level 6.0 Conjurations
   Level 1.0 Summonings
 - Level 3.6 Translocations
 + Level 2.3 Air Magic
 + Level 2.8 Poison Magic
 + Level 5.1 Invocations


You had 7 spell levels left.
You knew the following spells:

 Your Spells              Type           Power        Failure   Level  Hunger
a - Magic Dart            Conj           ####         1%          1    None
b - Blink                 Tloc           N/A          3%          2    ##.....
c - Mephitic Cloud        Conj/Pois/Air  ###.....     7%          3    ###....

Your spell library contained the following spells:

 Spells                   Type           Power        Failure   Level  Hunger
 Conjure Flame            Conj/Fire      ###.....     10%         3    ###....
 Call Imp                 Summ           #.......     11%         2    ##.....
 Slow                     Hex            #.......     16%         2    ##.....


Dungeon Overview and Level Annotations

Branches:
Dungeon (6/15)             Temple (1/1) D:4

Altars:
Cheibriados
Dithmenos
Elyvilon
Fedhas
Nemelex Xobeh
Okawaru
Sif Muna
Wu Jian
The Shining One


Innate Abilities, Weirdness & Mutations

You cannot wear most types of armour.
You are very stealthy in the water. (Stealth+)
You are amphibious.
You can wear up to eight rings at the same time.
You can use your tentacles to constrict eight enemies at once.
Your skin changes colour to match your surroundings (Stealth+).
Your rubbery body absorbs attacks. (AC +1, EV +1)


Message History

The orc hits you with a short sword.
Casting: Magic Dart (safe; 1% risk of failure)
Confirm with . or Enter, or press ? or * to list all spells.
Aiming: Magic Dart (safe; 1% risk of failure)
Press: ? - help, Shift-Dir - straight line, f/p - orc warrior
Aim: an orc warrior, wielding a war axe and wearing a chain mail (lightly The magic dart hits the orc warrior.
The orc warrior is heavily wounded.
The orc warrior hits you with a war axe!
The orc hits you with a short sword.
* * * LOW HITPOINT WARNING * * *
Casting: Magic Dart (safe; 1% risk of failure)
Confirm with . or Enter, or press ? or * to list all spells.
Aiming: Magic Dart (safe; 1% risk of failure)
Press: ? - help, Shift-Dir - straight line, f/p - orc warrior
Aim: an orc warrior, wielding a war axe and wearing a chain mail (heavily The magic dart hits the orc warrior.
The orc warrior is heavily wounded.
The orc warrior hits you with a war axe!!
You die...

#.### #.###.#..................#
#...# #...#.#.#..###...........#
###.# ###.#.#.#.####...........#
###.# #.#.#.#...###..........#
..#'#####.###...#.# #..........#
#.........#....##...############
..........#.....# #.#
##.......##..##.###.#
###########.. #.@o# # # ###
###o# # .# # .# # .# # $. # .# #
.# #


You could see an orc warrior and an orc.

Vanquished Creatures
  Menkaure (D:5)
  2 orc warriors
  A sky beast (D:6)
  4 ogres
  A bullfrog (D:6)
  A scorpion (D:6)
  2 crimson imps (D:5)
  A centaur skeleton (D:5)
  2 hounds
  Crazy Yiuf (D:5)
  2 bullfrog skeletons
  An orc wizard (D:5)
  Ijyb (D:3)
  An iguana (D:4)
  4 worker ants
  A killer bee zombie (D:6)
  2 hound skeletons
  5 adders
  A shadow imp (D:5)
  An ooze (D:1)
  An adder skeleton (D:4)
  3 worms
  A leopard gecko (D:3)
  6 orcs
  4 giant cockroaches
  7 goblins
  4 hobgoblins
  16 jackals
  5 kobolds
  2 quokkas
  4 bats
  5 frilled lizards
  A jackal skeleton (D:4)
  A leopard gecko skeleton (D:4)
  4 rats
99 creatures vanquished.

Notes
Turn   | Place    | Note
-------+----------+-------------------------------------------
     0 | D:1      | Ijustatesigmund the Octopode Wizard began the quest for the
                  | Orb.
     0 | D:1      | Reached XP level 1. HP: 11/11 MP: 4/4
   780 | D:1      | Reached skill level 2 in Conjurations
   780 | D:1      | Reached XP level 2. HP: 17/17 MP: 1/6
  1495 | D:1      | Learned a level 2 spell: Blink
  1982 | D:2      | Reached XP level 3. HP: 21/21 MP: 3/7
  3308 | D:2      | Reached skill level 3 in Conjurations
  3446 | D:2      | Reached XP level 4. HP: 23/27 MP: 3/8
  3474 | D:2      | Found a faded altar of an unknown god.
  3507 | D:3      | Noticed Ijyb
  3538 | D:3      | Killed Ijyb
  3713 | D:3      | Reached XP level 5. HP: 28/31 MP: 0/9
  4541 | D:4      | Found a staircase to the Ecumenical Temple.
  4571 | Temple   | Entered the Ecumenical Temple
  4576 | Temple   | Became a worshipper of Cheibriados the Contemplative
  4612 | D:4      | Found a shadowy altar of Dithmenos.
  4939 | D:4      | Reached skill level 1 in Fighting
  4939 | D:4      | Reached skill level 1 in Invocations
  5237 | D:5      | Entered Level 5 of the Dungeon
  5251 | D:4      | Reached XP level 6. HP: 29/38 MP: 10/10
  5406 | D:4      | Learned a level 3 spell: Mephitic Cloud
  5584 | D:5      | Reached skill level 4 in Conjurations
  5679 | D:5      | Noticed an orc warrior
  5680 | D:5      | Noticed Menkaure
  5995 | D:5      | Reached * piety under Cheibriados
  6008 | D:5      | Reached XP level 7. HP: 30/45 MP: 1/11
  6087 | D:5      | Killed Menkaure
  6246 | D:5      | Reached skill level 5 in Conjurations
  6386 | D:5      | Reached XP level 8. HP: 50/54 MP: 0/12
  6718 | D:5      | Found a runed door.
  6722 | D:5      | Noticed Crazy Yiuf
  6730 | D:5      | Killed Crazy Yiuf
  7277 | D:6      | Reached skill level 1 in Poison Magic
  7372 | D:6      | Reached skill level 1 in Air Magic
  7401 | D:6      | Reached skill level 1 in Short Blades
  7638 | D:6      | Reached skill level 6 in Conjurations
  7638 | D:6      | Reached skill level 5 in Invocations
  7984 | D:6      | Reached ** piety under Cheibriados
  8086 | D:6      | Mangled by an orc warrior

Vault maps used:
D:1:      ebering_trefoil_twist, minmay_tetromino_i2
D:2:      chequers_ecumenical_altar_lobes, first_ration
D:3:      kennysheep_minor_cross, hex_intersection, uniq_ijyb
D:4:      minmay_temple_entry_overgrown, serial_glass, glass_columns_a,
          glass_columns_c, glass_columns_a, glass_columns_c,
          nicolae_dithmenos_the_darkroom
D:5:      uniq_crazy_yiuf_cottage, uniq_menkaure
Temple:   compressed_dpeg_triangle_lava_temple

Skill      XL: |  1  2  3  4  5  6  7  8 |
---------------+-------------------------+-----
Conjurations   | 2 3 4 5 6 |  6.0
Translocations | 2 3 |  3.6
Fighting       | 1 2 3 |  3.7
Invocations    | 1 2 4 5 |  5.1
Poison Magic   | 2 |  2.8
Air Magic      | 2 |  2.3
Short Blades   | 2 |  2.2
Dodging        | |  2.0
Stealth        | |  2.6
Spellcasting   | |  3.0
Summonings     | |  1.0

Action                   |  1- 3 |  4- 6 |  7- 9 || total
-------------------------+-------+-------+-------++-------
Melee: Dagger            |    18 |    91 |    35 ||   144
       Constrict         |     5 |    19 |     5 ||    29
       Tentacles         |     2 |    18 |    12 ||    32
 Cast: Magic Dart        |    82 |    94 |    87 ||   263
       Blink             |       |     1 |     4 ||     5
       Mephitic Cloud    |       |       |     7 ||     7
Evoke: Wand              |       |     7 |     9 ||    16
  Use: Scroll            |     4 |     7 |     3 ||    14
       Potion            |     1 |     4 |     1 ||     6
 Stab: Invisible         |       |     1 |       ||     1
       Sleeping          |       |     3 |     2 ||     5
       Confused          |       |       |     2 ||     2
  Eat: Chunk             |     4 |     6 |       ||    10
       Ration            |     1 |     1 |     1 ||     3
Armor: Skin              |     5 |    32 |    11 ||    48
Dodge: Dodged            |    34 |    99 |    28 ||   161

Table legend:
 A = Non-vault XP
 B = Vault XP
 C = Vault XP percentage of total XP
 D = Non-vault monster count
 E = Vault monster count
 F = Vault count percentage of total count
                 A         B        C        D         E       F
            +---------+---------+-------+---------+---------+-------
      Total |    1826 |     245 |  11.8 |      94 |       5 |   5.1
            +---------+---------+-------+---------+---------+-------
        D:1 |      22 |       4 |  15.4 |      10 |       2 |  16.7
        D:2 |      62 |       0 |   0.0 |      20 |       0 |   0.0
        D:3 |      97 |      36 |  27.1 |      20 |       1 |   4.8
        D:4 |     122 |       0 |   0.0 |      12 |       0 |   0.0
        D:5 |     762 |     205 |  21.2 |      17 |       2 |  10.5
        D:6 |     761 |       0 |   0.0 |      15 |       0 |   0.0
            +---------+---------+-------+---------+---------+-------
